 Dungeon Crawl Stone Soup version 0.18.1-48-g4cf74bf (webtiles) character file.

93 Heedrag the Sneak (level 4, -5/26 HPs)
             Began as a Kobold Assassin on Aug 13, 2016.
             Slain by a hound (6 damage)
             ... on level 4 of the Dungeon.
             The game lasted 00:04:03 (2285 turns).

Heedrag the Sneak (Kobold Assassin)                 Turns: 2285, Time: 00:04:04

Health: -5/26      AC:  3    Str:  9    XL:     4   Next: 92%
Magic:  4/4        EV: 14    Int: 10    God:
Gold:   74         SH:  0    Dex: 17    Spells: 0 memorised, 3 levels left

rFire  . . .     SeeInvis .     a - +2 dagger
rCold  . . .     Gourm    .     c - +0 robe
rNeg   + . .     Faith    .     (shield restricted)
rPois  .         Spirit   .     (no helmet)
rElec  .         Dismiss  .     d - +0 cloak
rCorr  .         Reflect  .     (no gloves)
SustAt .         Harm     .     (no boots)
MR     +....                    (no amulet)
Stlth  ++++......               o - ring of positive energy
                                n - ring of protection from magic

@: somewhat resistant to hostile enchantments, stealthy
A: carnivore 3
a: no special abilities


You were on level 4 of the Dungeon.
You were very full.

You visited 1 branch of the dungeon, and saw 4 of its levels.

You collected 74 gold pieces.

Inventory:

Hand Weapons
 a - a +2 dagger (weapon)
 b - a +0 blowgun
Missiles
 e - 29 poisoned needles
 f - 2 curare-tipped needles
Armour
 c - a +0 robe (worn)
 d - a +0 cloak (worn)
 m - the +1 plate armour of Ushecsaq {rN++ Str+4 Int-3 Stlth+, unknown}
   (You found it on level 4 of the Dungeon)

   It affects your strength (+4).
   It affects your intelligence (-3).
   It greatly protects you from negative energy.
   It makes you more stealthy.
Jewellery
 n - a ring of protection from magic (left hand)
 o - a ring of positive energy (right hand)
Scrolls
 h - 3 scrolls of remove curse {unknown}
 k - a scroll of identify {unknown}
 p - 2 scrolls of recharging {unknown}
 q - a scroll of random uselessness {unknown}
 r - 3 scrolls of teleportation {unknown}
Potions
 j - a potion of curing {unknown}
 l - a potion of invisibility {unknown}
Comestibles
 g - 2 meat rations
 i - a beef jerky
 s - a chunk of flesh


   Skills:
 - Level 2.1 Fighting
 - Level 2.6 Short Blades
 + Level 3.9 Throwing
 - Level 1.2 Dodging
 * Level 6.8 Stealth


You had 3 spell levels left.
You didn't know any spells.

Dungeon Overview and Level Annotations

Branches:
Dungeon (4/15)             Temple (0/1) D:4

Altars:
Cheibriados

Annotations:
D:3 Heedrag's ghost, amateur DECj
D:4 exclusion: oklob sapling, Eustachio; Menkaure


Innate Abilities, Weirdness & Mutations

You are small and have problems with some larger weapons.
You are carnivorous and can eat meat at any time.


Message History

A rat an' a giant cockroach come inta view.
Eustachio gestures wildly while chantin'.
Eustachio blinks!
Tha rat barely misses ye.
Tha hound closely misses ye.
Tha bat barely misses ye.
Tha bat completely misses ye.
Tha hound closely misses ye.
Ye hit tha hound.
Tha hound be severely wounded.
Tha rat barely misses ye.
Tha hound bites ye.
* * * LOW HITPOINT WARNIN'
* * * Tha bat barely misses ye.
Ye hit tha hound but do nay damage.
Tha hound be severely wounded.
Tha bat misses ye.
Tha hound misses ye.
Eustachio mumbles some strange words.
Tha rat barely misses ye.
Ye hit tha hound.
Tha hound be severely wounded.
Tha bat misses ye.
Tha hound bites ye.
Ye die...

#.#
**######.#####
,............#
*###########b##
#r@#########
##.r.......#
#......≈≈≈#
#...hr.r.≈#
#.b.@≈S≈≈s#
#....≈#+###
#..s.≈#≈≈≈*
#...S≈#≈∩≈*
#...≈≈+≈≈≈*
#######****


You could see Eustachio, a hound, an adder (sleeping), 2 giant cockroaches, 2
bats, a ball python and 4 rats.

Vanquished Creatures
  4 adders
  A worm (D:2)
  3 dart slugs (D:1)
  3 giant cockroaches (D:1)
  10 goblins
  7 hobgoblins
  2 jackals (D:2)
  A quokka (D:4)
  A ball python (D:3)
  7 bats
  A giant newt (D:1)
  6 kobolds
  3 rats
49 creatures vanquished.

Notes
Turn   | Place    | Note
--------------------------------------------------------------
     0 | D:1      | Heedrag the Kobold Assassin began the quest for the Orb.
     0 | D:1      | Reached XP level 1. HP: 12/12 MP: 1/1
   166 | D:1      | Reached XP level 2. HP: 17/17 MP: 2/2
   373 | D:1      | Reached XP level 3. HP: 20/21 MP: 3/3
   520 | D:1      | Reached skill level 6 in Stealth
   983 | D:2      | Found a snail-covered altar of Cheibriados.
  1170 | D:2      | Reached XP level 4. HP: 26/26 MP: 4/4
  1605 | D:3      | Noticed Heedrag's ghost (amateur DECj)
  2205 | D:4      | Got a brightly glowing plate armour
  2225 | D:4      | Found a staircase to the Ecumenical Temple.
  2253 | D:4      | Noticed Menkaure
  2254 | D:4      | Noticed Eustachio
  2283 | D:4      | HP: 1/26 [hound (3)]
  2285 | D:4      | Slain by a hound

Skill      XL: |  1  2  3 |
---------------+----------+-----
Throwing       | 3 |  3.9
Stealth        | 6 |  6.8
Fighting       | |  2.1
Short Blades   | |  2.6
Dodging        | |  1.2

Action                   |  1- 3 |  4- 6 || total
-------------------------+-------+-------++-------
Melee: Dagger            |   108 |    56 ||   164
  Use: Scroll            |       |     2 ||     2
 Stab: Sleeping          |    11 |     4 ||    15
  Eat: Chunk             |     9 |     3 ||    12
Armor: Robe              |    20 |     8 ||    28
Dodge: Dodged            |    52 |    64 ||   116
